 Dungeon Crawl Stone Soup version 0.31.0-4-g52a2dc7128 (webtiles) character file.

Game seed: 10937420022201160945

25 Zeor the Insei (level 3, -1/27 HPs)
             Began as a Djinni Shapeshifter on Jan 21, 2024.
             Slain by Jessica
             ... wielding a +0 dagger
              (3 damage)
             ... on level 2 of the Dungeon on Jan 22, 2024.
             The game lasted 00:03:18 (843 turns).

Zeor the Insei (Djinni Shapeshifter)                 Turns: 843, Time: 00:03:18

Health: -1/27      AC:  2    Str: 13    XL:     3   Next: 20%
Gold:   54         EV: 12    Int: 11    God:
                   SH:  0    Dex: 14

rFire   + +          .
                       - Unarmed
rCold   x . .        (no shield)
rNeg    . . .        a - +0 animal skin
rPois   ∞            (helmet currently unavailable)
rElec   .            (cloak currently unavailable)
rCorr   .            h - melded +0 pair of gloves
SInv    .            (boots unavailable)
Will    .....        (no amulet)
Stlth   +            (no ring)
HPRegen 0.24/turn    (no ring)
MPRegen 0.00/turn

%: infuse magic (-2 HP)
@: beast-form, flying
A: beast (slay +1), flying, sickness immunity, fire resistance 2, cold
vulnerability 1, float, innate caster, HP casting, extra vitality 1
a: Begin Untransformation


You were on level 2 of the Dungeon.
You were a hulking beast.
You visited 1 branch of the dungeon, and saw 2 of its levels.

You collected 54 gold pieces.

Inventory:

Armour
 a - a +0 animal skin (worn)
 h - a +0 pair of gloves (melded)
Talismans
 c - a beast talisman (active)
 d - a flux talisman
Wands
 f - a wand of charming (11)
Scrolls
 g - a scroll of teleportation {unknown}
Potions
 b - a potion of lignification


   Skills:
 + Level 1.0 Fighting
 + Level 2.3 Dodging
 * Level 3.5 Unarmed Combat
 * Level 0.4 Spellcasting
 * Level 0.4 Conjurations
 * Level 0.4 Hexes
 * Level 0.4 Summonings
 * Level 0.4 Necromancy
 * Level 0.4 Translocations
 * Level 0.4 Fire Magic
 * Level 0.4 Ice Magic
 * Level 0.4 Air Magic
 * Level 0.4 Earth Magic
 * Level 0.4 Alchemy
 * Level 3.0 Shapeshifting


You knew the following spells:

 Your Spells              Type           Power      Damage    Failure   Level
a - Apportation           Tloc           2%         N/A       28%         1
Your spell library was empty.

Dungeon Overview and Level Annotations

Branches:
Dungeon (2/15)

Altars:

Annotations:
D:2 Jessica


Innate Abilities, Weirdness & Mutations

You are a hulking beast.
Your limbs bulge with bestial killing power. (Slay +1)
You are flying.
You are immune to sickness and miasma.
You are immune to poison.
Your flesh is very heat resistant. (rF++)
You are vulnerable to cold. (rC-)
You float through the air rather than walking.
You learn spells naturally, not from books.
Your magical power is your life essence.
You have superior vitality. (+4 MHP)


Message History

You barely miss the hobgoblin. The hobgoblin barely misses you.
Jessica gestures wildly.
You barely miss the hobgoblin.
Jessica gestures wildly while chanting.
Jessica seems to speed up.
The hobgoblin barely misses you.
You barely miss the hobgoblin. The hobgoblin barely misses you.
You hit the hobgoblin.
You kill the hobgoblin!
You completely miss the kobold. The kobold barely misses you.
You hit the kobold.
The kobold is moderately wounded.
The kobold closely misses you.
You hit the kobold.
You kill the kobold!
You barely miss Jessica. Jessica hits you with a +0 dagger.
A kobold comes into view. It is wielding a +0 dagger.
Jessica casts a spell at you. Pain shoots through your body!
Ouch! That really hurt!
It was a potion of curing.
You feel better.
The kobold shouts!
Jessica hits you with a +0 dagger.
You barely miss Jessica. Jessica hits you with a +0 dagger.
Jessica barely misses you.
You hit Jessica.
Jessica is heavily wounded.
Jessica hits you with a +0 dagger.
You hit Jessica.
Jessica is almost dead.
Jessica hits you with a +0 dagger.
* * * LOW HITPOINT WARNING * * *
You completely miss Jessica.
Jessica is almost dead.
Jessica hits you with a +0 dagger.
* * * LOW HITPOINT WARNING * * *
Jessica misses you.
You closely miss Jessica.
Jessica is almost dead.
Jessica hits you with a +0 dagger.
You die... ∙▒ ▒∙>∙ ∙∙▒∙ ▒ ∙▒▒▒∙∙▒▒∙∙∙ ∙∙∙∙∙∙▒ ▒∙ ∙∙▒∙∙∙∙∙∙ ∙∙∙∙∙∙▒ ▒∙▒▒∙▒∙▒∙∙▒▒▒ ∙∙∙∙∙∙∙ ▒∙∙∙>▒∙∙∙∙∙∙∙ ∙∙∙∙∙∙▒ ▒∙∙∙∙∙∙▒ ∙∙∙∙∙∙∙

▒∙<∙∙∙∙▒▒ ∙∙∙∙▒
▒∙∙∙▒∙▒▒∙∙▒▒▒▒▒K∙∙∙▒∙∙
▒∙∙∙∙∙▒▒∙∙∙∙∙h@∙∙∙∙∙∙∙
▒∙∙∙∙∙▒▒▒∙▒▒▒▒▒∙▒∙∙∙∙∙
▒∙∙∙∙∙∙ ▒∙▒ ∙▒ ∙∙∙
∙∙∙∙∙∙▒∙ ▒∙▒ ∙▒ ∙


∙∙∙∙∙∙ ▒∙∙∙∙ ∙▒ ∙∙∙∙∙∙∙ ∙∙∙∙ ∙∙ ▒▒∙<∙ ▒▒ ▒∙∙∙ You could see Jessica (fast) and a
kobold.

Vanquished Creatures
  An adder (D:2)
  A hobgoblin (D:2)
  2 kobolds
  A quokka (D:1)
  2 ball pythons (D:1)
  4 bats (D:1)
  A frilled lizard (D:1)
  4 goblins (D:1)
  2 rats (D:1)
18 creatures vanquished.

Notes
Turn   | Place    | Note
-------+----------+-------------------------------------------
     0 | D:1      | Zeor the Djinni Shapeshifter began the quest for the Orb.
     0 | D:1      | Reached XP level 1. HP: 17/17 MP: 0/0
   107 | D:1      | Found a faded altar of an unknown god.
   290 | D:1      | Reached XP level 2. HP: 18/22 MP: 0/0
   515 | D:2      | Reached XP level 3. HP: 25/27 MP: 0/0
   515 | D:2      | Learned a level 1 spell: Apportation
   817 | D:2      | Upgraded the game from 0.31.0-2-g5a2aebc5c2 to
                  | 0.31.0-4-g52a2dc7128
   827 | D:2      | Noticed Jessica
   843 | D:2      | Slain by Jessica

Illustrated notes

Levels and vault maps discovered:
D:1:      minmay_arrival_open_corners, layout_rooms,
          nicolae_ecumenical_lake_church, lemuel_flame_loot_1
D:2:      minmay_diamond_boxcup, layout_rooms, basic_altar, uniq_jessica

Skill      XL: |  1  2 |
---------------+-------+-----
Shapeshifting  | 3 |  3.0
Fighting       | |  1.0
Dodging        | |  2.3
Unarmed Combat | |  3.5
Spellcasting   | |  0.4
Conjurations   | |  0.4
Hexes          | |  0.4
Summonings     | |  0.4
Necromancy     | |  0.4
Translocations | |  0.4
Fire Magic     | |  0.4
Ice Magic      | |  0.4
Air Magic      | |  0.4
Earth Magic    | |  0.4
Alchemy        | |  0.4

Action                     || total
---------------------------++-------
  Melee: Unarmed           ||    62
         Punch             ||     2
   Cast: Apportation       ||    12
Ability: Begin Untransform ||     1
    Use: Potion            ||     1
 Armour: Animal skin       ||    30
  Dodge: Dodged            ||    44
   Form: Beast             ||     1
